 Dungeon Crawl Stone Soup version 0.25.1-2-g60ff931df9 (webtiles) character file.

Game seed: 15561625893043856445

48 DildoBatman the Magician (level 4, -1/30 HPs)
             Began as a Formicid Wizard on Sept 1, 2020.
             Slain by a kobold
             ... wielding a +0 short sword
              (6 damage)
             ... on level 2 of the Dungeon.
             The game lasted 00:03:11 (1403 turns).

DildoBatman the Magician (Formicid Wizard)          Turns: 1403, Time: 00:03:11

Health: -1/30      AC:  2    Str: 12    XL:     4   Next: 0%
Magic:  5/8        EV: 12    Int: 18    God:
Gold:   14         SH:  0    Dex:  9    Spells: 2/9 levels left

rFire    . . .     SeeInvis +   j - +0 short sword
rCold    . . .     Gourm    .   (no shield)
rNeg     + . .     Faith    .   a - +0 robe
rPois    .         Spirit   .   (helmet unavailable)
rElec    .         Reflect  .   (no cloak)
rCorr    .         Harm     .   (no gloves)
MR       .....                  (no boots)
Stlth    ++........             (no amulet)
HPRegen  0.10/turn              f - ring of positive energy
MPRegen  0.11/turn              (no ring)

@: very slightly contaminated
A: permanent stasis, dig shafts and tunnels, four strong arms, antennae 3
a: Dig, Shaft Self


You were on level 2 of the Dungeon.
You were not hungry.

You visited 1 branch of the dungeon, and saw 2 of its levels.

You collected 14 gold pieces.

Inventory:

Hand Weapons
 d - a +0 club
 j - a +0 short sword (weapon)
Missiles
 b - 16 bolts
 g - 18 poisoned darts (quivered)
 h - 66 stones
Armour
 a - a +0 robe (worn)
Jewellery
 f - a ring of positive energy (left hand)
Scrolls
 e - a scroll of immolation {unknown}
 i - 2 scrolls of teleportation {unknown}
 l - a scroll of enchant weapon {unknown}
Potions
 k - a potion of curing {unknown}
Comestibles
 c - 2 chunks of flesh
 v - 5 rations


   Skills:
 - Level 1.7 Dodging
 - Level 2.4 Stealth
 - Level 3.2 Spellcasting
 * Level 3.1 Conjurations
   Level 1.0 Summonings
   Level 0.8 Translocations


You had 2 spell levels left.
You knew the following spells:

 Your Spells              Type           Power        Failure   Level  Hunger
a - Conjure Flame         Conj/Fire      #.......     26%         3    ###....
c - Magic Dart            Conj           ##..         4%          1    None
e - Mephitic Cloud        Conj/Pois/Air  #.......     30%         3    ###....

Your spell library contained the following spells:

 Spells                   Type           Power        Failure   Level  Hunger
 Call Imp                 Summ           #.......     16%         2    ##.....
 Slow                     Hex            #.......     24%         2    ##.....
 Blink                    Tloc           Unusable     N/A         2    N/A

Dungeon Overview and Level Annotations

Branches:
Dungeon (2/15)

Altars:


Innate Abilities, Weirdness & Mutations

You cannot be hasted, slowed, berserked, paralysed or teleported.
You can dig through walls and to a lower floor.
Your four strong arms can wield two-handed weapons with a shield.
You have a pair of large antennae on your head. (SInv)


Message History

r - Retreat! s - Stop attacking. g - Guard the area. f - Follow me.
Anything else - Cancel.
You shout for attention!
The jackal bites you. x2
The kobold hits you but does no damage. The goblin completely misses you.
The jackal bites you. The jackal barely misses you.
What are your orders? t - Shout!
Orders for allies: a - Attack new target. p - Attack previous target. r - Retreat! s - Stop attacking. g - Guard the area. f - Follow me.
Anything else - Cancel.
You shout for attention!
The jackal bites you. The jackal barely misses you.
The kobold hits you with a +0 short sword.
You die...

# #... #.####
.... #.K@g####..#
##hh†...#..#
###......#..#
.h........#..####
####.#......>.?.#
#.#####...##.# #.
#...##.# #.
#.$.##.######
#......#.....


You could see 2 jackals, a goblin and a kobold.

Vanquished Creatures
  An ooze (D:2)
  A worm (D:2)
  2 dart slugs (D:1)
  3 leopard geckos
  3 bats (D:1)
  3 giant cockroaches
  5 goblins
  3 hobgoblins (D:1)
  A ball python (D:1)
  A frilled lizard (D:1)
  4 kobolds
  6 rats (D:1)
33 creatures vanquished.

Notes
Turn   | Place    | Note
-------+----------+-------------------------------------------
     0 | D:1      | DildoBatman the Formicid Wizard began the quest for the
                  | Orb.
     0 | D:1      | Reached XP level 1. HP: 13/13 MP: 4/4
    91 | D:1      | Reached skill level 1 in Conjurations
   262 | D:1      | Reached XP level 2. HP: 19/19 MP: 3/6
   626 | D:1      | Reached XP level 3. HP: 19/24 MP: 1/7
   631 | D:1      | Learned a level 3 spell: Conjure Flame
   635 | D:1      | Learned a level 3 spell: Mephitic Cloud
  1385 | D:2      | Reached XP level 4. HP: 30/30 MP: 4/8
  1403 | D:2      | Slain by a kobold

Illustrated notes

Levels and vault maps discovered:
D:1:      dpeg_arrival_houses_and_road, layout_loops_ring,
          chequers_serial_rivers_small_b, minmay_misc_feat_chi,
          minmay_hexomino_f4
D:2:      layout_basic, tso_oasis_becter

Skill      XL: |  1  2  3 |
---------------+----------+-----
Conjurations   | 1 2 3 |  3.1
Dodging        | |  1.7
Stealth        | |  2.4
Spellcasting   | |  3.2
Summonings     | |  1.0
Translocations | |  0.8

Action                   |  1- 3 |  4- 6 || total
-------------------------+-------+-------++-------
Melee: Unarmed           |     2 |       ||     2
       Club              |     1 |       ||     1
       Short sword       |     5 |       ||     5
Throw: Dart              |     3 |       ||     3
 Cast: Magic Dart        |    78 |     1 ||    79
  Eat: Chunk             |     1 |       ||     1
Armor: Robe              |     5 |     2 ||     7
Dodge: Dodged            |    16 |    19 ||    35
